 Dungeon Crawl Stone Soup version 0.25.1-2-g60ff931df9 (webtiles) character file.

Game seed: 2523193285597054220

72 Colgate the Skirmisher (level 4, 48/48 HPs)
             Began as a Troll Abyssal Knight on Sept 5, 2020.
             Was a Follower of Lugonu.
             Quit the game on level 2 of the Dungeon.
             The game lasted 00:11:24 (1313 turns).

Colgate the Skirmisher (Troll Abyssal Knight)       Turns: 1313, Time: 00:11:25

Health: 48/48      AC:  6    Str: 20    XL:     4   Next: 6%
Magic:  13/13      EV: 10    Int:  8    God:    Lugonu [*.....]
Gold:   65         SH:  0    Dex: 10    Spells: 3/3 levels left

rFire    . . .     SeeInvis .     - Unarmed
rCold    . . .     Gourm    +   (no shield)
rNeg     . . .     Faith    .   a - +0 robe
rPois    .         Spirit   .   (helmet restricted)
rElec    .         Reflect  .   (no cloak)
rCorr    .         Harm     .   (gloves unavailable)
MR       .....                  (boots unavailable)
Stlth    +.........             (no amulet)
HPRegen  0.56/turn              d - ring of magical power
MPRegen  0.13/turn              (no ring)

@: no status effects
A: large, unfitting armour, claws 3, fast metabolism 3, gourmand, regeneration
1, shaggy fur 1, tough skin 3
a: Depart the Abyss, Renounce Religion


You were on level 2 of the Dungeon.
You worshipped Lugonu.
Lugonu was aware of your devotion.
You were full.

You visited 1 branch of the dungeon, and saw 2 of its levels.
You visited the Abyss 1 time.

You collected 65 gold pieces.

Inventory:

Hand Weapons
 c - a +0 hunting sling
Missiles
 e - 72 stones
 f - 16 arrows
 j - 6 boomerangs (quivered)
Armour
 a - a +0 robe (worn)
Jewellery
 d - a ring of magical power (left claw)
Scrolls
 g - 4 scrolls of immolation {unknown}
 h - a scroll of magic mapping {unknown}
 i - a scroll of remove curse {unknown}
 k - a scroll of fear {unknown}
Potions
 l - 2 potions of lignification {unknown}
Comestibles
 b - 7 rations


   Skills:
 - Level 4.0 Fighting
 + Level 0.0 Throwing
 - Level 2.0 Dodging
 - Level 2.0 Unarmed Combat
 - Level 1.5 Invocations


You had 3 spell levels left.
You didn't know any spells.
Your spell library was empty.

Dungeon Overview and Level Annotations

Branches:
Dungeon (2/15)

Altars:


Innate Abilities, Weirdness & Mutations

You are too large for most types of armour.
You have claws for hands.
Your metabolism is lightning-fast.
You like to eat raw meat.
Your natural rate of healing is unusually fast.
You are covered in fur. (AC +1)
You have extremely tough skin. (AC +3)


Message History

Lugonu accepts your kill.
Your Fighting skill increases to level 4!
You have reached level 4!
Your library has no spells.
HP restored.
You butcher the adder corpse.
m - a chunk of flesh You see here an adder skeleton. x2
Eating a chunk of flesh.
You eat the chunk of flesh.
This raw flesh tastes great.
Found a stone staircase leading down.
Found a stone staircase leading up.
e - 72 stones (gained 12)
Found a ring mail.
b - 7 rations (gained 1) As you open the door, it creaks loudly!
There is an open door here.
There is a stone staircase leading up here.
A giant cockroach comes into view.
Are you sure you want to abandon this character and quit the game? (Confirm with "yes".)

.......# ### #...s..#
#$.........# #... ......#
#....#.....# #.#
#....#.....#.##.#
#............##.# #
#########......@# #.##.#.#
#...............# #..#.#.
#.............#.# ..#..
#............##.#####.#.####.#
#..........#...>#...#.#<.....#
#####........####.#÷#....#####
######.##.....####.#.#....#
......÷##.....#....#...##.#
.......#....#.#.######....#


You could see a giant cockroach.

Vanquished Creatures
  4 adders (D:2)
  3 dart slugs
  A leopard gecko (D:1)
  A bat (D:2)
  3 giant cockroaches (D:1)
  3 goblins
  2 hobgoblins (D:1)
  3 jackals (D:2)
  5 kobolds
  A ball python (D:2)
  3 rats
29 creatures vanquished.

Notes
Turn   | Place    | Note
-------+----------+-------------------------------------------
     0 | Abyss:1  | Colgate the Troll Abyssal Knight began the quest for the
                  | Orb.
     0 | Abyss:1  | Reached XP level 1. HP: 22/22 MP: 1/1
   124 | Abyss:1  | Found a corrupted altar of Lugonu.
   125 | Abyss:1  | Noticed an ice devil
   140 | Abyss:1  | Noticed a raiju
   153 | D:1      | Escaped the Abyss
   290 | D:1      | Reached * piety under Lugonu
   439 | D:1      | Reached skill level 3 in Fighting
   439 | D:1      | Reached XP level 2. HP: 31/31 MP: 2/2
  1182 | D:2      | Reached XP level 3. HP: 37/37 MP: 3/3
  1256 | D:2      | Reached skill level 4 in Fighting
  1256 | D:2      | Reached XP level 4. HP: 44/48 MP: 4/4
  1313 | D:2      | Quit the game

Illustrated notes

Levels and vault maps discovered:
D:1:      dpeg_arrival_stone_temple_mockup, layout_basic
D:2:      layout_basic

Skill      XL: |  1  2  3 |
---------------+----------+-----
Fighting       | 3 4 |  4.0
Dodging        | 2 |  2.0
Unarmed Combat | |  2.0
Invocations    | |  1.5

Action                   |  1- 3 |  4- 6 || total
-------------------------+-------+-------++-------
Melee: Unarmed           |    52 |       ||    52
Throw: Stone             |    14 |       ||    14
       Boomerang         |    32 |       ||    32
Invok: Depart the Abyss  |     1 |       ||     1
 Stab: Sleeping          |     1 |       ||     1
  Eat: Chunk             |    14 |     1 ||    15
Armor: Robe              |    17 |       ||    17
Dodge: Dodged            |    24 |       ||    24
